 Dungeon Sprint DCSS version 0.24-a0-244-ga6a6ab7 (webtiles) character file.

Game seed: 9507541722575390238

257 MikeHunt the Prestidigitator (level 5, -11/40 HPs)
             Began as a Draconian Artificer on Apr 11, 2019.
             Killed from afar by a deep elf mage (41 damage)
             ... with a bolt of fire
             ... in the Dungeon (Sprint III: "The Ten Rune Challenge").
             The game lasted 00:02:42 (241 turns).

MikeHunt the Prestidigitator (Draconian Artificer)   Turns: 241, Time: 00:02:43

Health: -11/40     AC:  5    Str: 15    XL:     5   Next: 93%
Magic:  8/9        EV: 12    Int: 13    God:
Gold:   16         SH:  0    Dex: 12    Spells: 4/4 levels left

rFire    . . .     SeeInvis .     - Unarmed
rCold    . . .     Gourm    .   (no shield)
rNeg     . . .     Faith    .   (armour unavailable)
rPois    .         Spirit   .   (helmet restricted)
rElec    .         Reflect  .   (no cloak)
rCorr    .         Harm     .   (no gloves)
MR       .....     NoTele   +   (no boots)
Stlth    ++........             (no amulet)
HPRegen  0.13/turn              (no ring)
MPRegen  0.11/turn              (no ring)

@: no status effects
A: unfitting armour, camouflage 1, clever 1, low mp 2, cold-blooded, AC +5
a: no special abilities


You were in the Dungeon.
You were not hungry.

You visited 1 branch You collected 16 gold pieces.

Inventory:

Hand Weapons
 a - a +0 short sword
Wands
 b - a wand of flame (8)
 c - a wand of enslavement (13)
 d - a wand of random effects (7)
Scrolls
 k - a scroll of blinking
 m - 2 scrolls of holy word {unknown}
 n - 5 scrolls of remove curse
 p - a scroll of identify {unknown}
Potions
 e - a potion of curing
 g - a potion of heal wounds
 h - a potion of haste
 i - 3 potions of magic
 j - 3 potions of berserk rage
 o - 2 potions of flight {unknown}
 q - a potion of might
Comestibles
 f - 3 rations


   Skills:
 - Level 1.1 Fighting
 - Level 1.0 Short Blades
 - Level 1.7 Dodging
 - Level 0.8 Stealth
 + Level 8.6 Unarmed Combat
 + Level 9.2 Evocations


You had 4 spell levels left.
You didn't know any spells.
Your spell library was empty.

Dungeon Overview and Level Annotations

Branches:
Dungeon (1/1)

Altars:
Elyvilon
Okawaru
Trog
Uskayaw
Wu Jian
Zin
The Shining One
Beogh


Innate Abilities, Weirdness & Mutations

Your plain brown scales are hard. (AC +5)
You cannot fit into any form of body armour.
You are cold-blooded and may be slowed by cold attacks.
Your skin changes colour to match your surroundings (Stealth+).
Your mind is acute. (Int +2)
Your magical capacity is very low. (-20% MP)


Message History

The deep elf mage is moderately wounded.
Your human barely misses the deep elf mage.
You closely miss the deep elf mage.
The deep elf mage is moderately wounded.
The deep elf mage hits you but does no damage.
Your human misses the deep elf mage. You closely miss the deep elf mage.
You punch the deep elf mage.
The deep elf mage is heavily wounded.
Your human hits the deep elf mage.
The deep elf mage hits you with a +0 long sword of holy wrath.
You punch the deep elf mage!
The deep elf mage is severely wounded.
Your human hits the deep elf mage!
You catch the helpless deep elf mage completely off-guard!
You hit the deep elf mage.
The deep elf mage is almost dead.
The deep elf mage points at you and mumbles some strange words.
The bolt of fire hits you!!!
Ouch! That really hurt!
You die...

▓▓▓▓▓▓▓ ▓▓▓ .'....♣♣♣
♣.######### .#....♣.♣
♣♣.#___#___# ##....♣.♣
♣..#...#__)#
.#....≈.♣♣♣..###e#'###+##
.#...≈≈♣..♣♣.#..@p......#
(#..≈≈≈≈.♣♣♣.'.⌠........#
'#..≈≈≈≈≈≈♣♣.#...######+#
.#†≈≈≈≈≈≈....#.⌠.#
.#.≈≈≈≈≈.....#...#
.#.≈≈≈.......#+###
##...........#
.............#
▓▓▓▓▓▓▓▓▓▓▓▓▓▓


You could see a deep elf mage and a friendly human.

Vanquished Creatures
  A water elemental (D)
  A scorpion (D)
  A human (D)
  An ooze (D)
  3 rats (D)
7 creatures vanquished.

Vanquished Creatures (collateral kills)
  A human (D)
1 creature vanquished.

Vanquished Creatures (others)
  A draconian scorcher (D)
  6 hellions (D)
  A yaktaur (D)
  3 plants (D)
11 creatures vanquished.

Grand Total: 19 creatures vanquished

Notes
Turn   | Place    | Note
-------+----------+-------------------------------------------
     0 | D        | MikeHunt the Draconian Artificer began the quest for the
                  | Orb.
     0 | D        | Reached XP level 1. HP: 16/16 MP: 3/3
    18 | D        | Reached skill level 4 in Evocations
    91 | D        | Reached skill level 5 in Evocations
    91 | D        | Reached XP level 2. HP: 23/23 MP: 3/5
   106 | D        | Killed a hellion
   110 | D        | Noticed a scorpion
   114 | D        | Killed a hellion
   116 | D        | Killed a scorpion
   116 | D        | Reached skill level 5 in Unarmed Combat
   116 | D        | Reached skill level 6 in Evocations
   116 | D        | Reached XP level 3. HP: 28/28 MP: 5/7
   116 | D        | Reached XP level 4. HP: 35/35 MP: 5/8
   126 | D        | Killed a hellion
   137 | D        | Killed a hellion
   139 | D        | Killed a hellion
   139 | D        | Killed a hellion
   145 | D        | Gained mutation: You are clumsy. (Dex -2) [potion of
                  | mutation]
   145 | D        | Gained mutation: You are weak. (Str -2) [potion of
                  | mutation]
   145 | D        | Gained mutation: You have large cloven feet. [potion of
                  | mutation]
   146 | D        | Lost mutation: You are weak. (Str -2) [potion of mutation]
   146 | D        | Lost mutation: You have large cloven feet. [potion of
                  | mutation]
   146 | D        | Lost mutation: You are clumsy. (Dex -2) [potion of
                  | mutation]
   146 | D        | Gained mutation: You are frail. (-10% HP) [potion of
                  | mutation]
   146 | D        | Gained mutation: Your skin changes colour to match your
                  | surroundings (Stealth+). [potion of mutation]
   146 | D        | Gained mutation: You are very frail. (-20% HP) [potion of
                  | mutation]
   146 | D        | Gained mutation: Your flesh is cold resistant. (rC+)
                  | [potion of mutation]
   147 | D        | Lost mutation: You are very frail. (-20% HP) [potion of
                  | mutation]
   147 | D        | Lost mutation: You are frail. (-10% HP) [potion of
                  | mutation]
   147 | D        | Lost mutation: Your flesh is cold resistant. (rC+) [potion
                  | of mutation]
   147 | D        | Gained mutation: You do not regenerate when monsters are
                  | visible. [potion of mutation]
   147 | D        | Gained mutation: You are clumsy. (Dex -2) [potion of
                  | mutation]
   147 | D        | Gained mutation: Your muscles are strong. (Str +2) [potion
                  | of mutation]
   148 | D        | Lost mutation: Your muscles are strong. (Str +2) [potion of
                  | mutation]
   148 | D        | Lost mutation: You do not regenerate when monsters are
                  | visible. [potion of mutation]
   148 | D        | Lost mutation: You are clumsy. (Dex -2) [potion of
                  | mutation]
   148 | D        | Gained mutation: Your magical capacity is low. (-10% MP)
                  | [potion of mutation]
   148 | D        | Gained mutation: Your magical capacity is very low. (-20%
                  | MP) [potion of mutation]
   148 | D        | Gained mutation: Your mind is acute. (Int +2) [potion of
                  | mutation]
   155 | D        | Killed a yaktaur
   209 | D        | Noticed a water elemental
   209 | D        | Killed a white draconian scorcher
   212 | D        | Killed a water elemental
   212 | D        | Reached skill level 7 in Evocations
   219 | D        | Found a glowing silver altar of Zin.
   219 | D        | Found a glowing golden altar of the Shining One.
   219 | D        | Found a white marble altar of Elyvilon.
   222 | D        | Found a hide-covered altar of Uskayaw.
   222 | D        | Found a roughly hewn altar of Beogh.
   222 | D        | Found an iron altar of Okawaru.
   222 | D        | Found a bloodstained altar of Trog.
   222 | D        | Found an ornate altar of the Wu Jian Council.
   222 | D        | Noticed a human
   222 | D        | Noticed a human
   229 | D        | Killed a human
   229 | D        | Reached skill level 9 in Evocations
   229 | D        | Reached XP level 5. HP: 36/40 MP: 7/9
   233 | D        | Noticed a deep elf mage
   241 | D        | Killed from afar by a deep elf mage

Levels and vault maps discovered:
D:        dungeon_sprint_mu [sprint_mu_entry_forest, sprint_mu_temple_rooms,
          sprint_mu_d1_horrors, sprint_mu_d2_genie, sprint_mu_d3_branching,
          sprint_mu_orc_legion, sprint_mu_elf_gauntlet, sprint_mu_hive_nellie,
          sprint_mu_lair_fedhas, sprint_mu_vaults_butterflies,
          sprint_mu_slime_circle, sprint_mu_swamp_cave, sprint_mu_shoals_archi,
          sprint_mu_blade_basic, sprint_mu_crypt_fortress,
          sprint_mu_tomb_spiral, sprint_mu_vestibule_basic,
          sprint_mu_gehenna_hellfire, sprint_mu_dis_giant,
          sprint_mu_tartarus_statrot, sprint_mu_cocytus_islands, sprint_mu_zot1]

Skill      XL: |  1  2  3  4 |
---------------+-------------+-----
Unarmed Combat | 3 5 8 |  8.6
Evocations     | 5 6 9 |  9.2
Fighting       | |  1.1
Short Blades   | |  1.0
Dodging        | |  1.7
Stealth        | |  0.8

Action                   |  1- 3 |  4- 6 || total
-------------------------+-------+-------++-------
Melee: Short sword       |    19 |       ||    19
       Tailslap          |     1 |       ||     1
       Unarmed           |     1 |    12 ||    13
       Punch             |       |     1 ||     1
Evoke: Wand              |    12 |     5 ||    17
  Use: Potion            |       |     4 ||     4
 Stab: Sleeping          |     2 |       ||     2
       Confused          |     1 |       ||     1
       Distracted        |       |     1 ||     1
Armor: Skin              |     2 |     2 ||     4
Dodge: Dodged            |     9 |     5 ||    14

Table legend:
 A = Non-vault XP
 B = Vault XP
 C = Vault XP percentage of total XP
 D = Non-vault monster count
 E = Vault monster count
 F = Vault count percentage of total count
                 A         B        C        D         E       F
            +---------+---------+-------+---------+---------+-------
      Total |       0 |     368 | 100.0 |       0 |       8 | 100.0
            +---------+---------+-------+---------+---------+-------
          D |       0 |     368 | 100.0 |       0 |       8 | 100.0
            +---------+---------+-------+---------+---------+-------
